 Dungeon Crawl Stone Soup version 0.22.1-1-ga44c0e5 (webtiles) character file.

58 Tr0llz0r the Covered (level 4, -4/32 HPs)
             Began as a Gnoll Wanderer on Nov 5, 2018.
             Slain by a gnoll
             ... wielding a +0 club
              (5 damage)
             ... on level 2 of the Dungeon.
             The game lasted 00:04:37 (569 turns).

Tr0llz0r the Covered (Gnoll Wanderer)                Turns: 569, Time: 00:04:37

Health: -4/32      AC:  9    Str: 13    XL:     4   Next: 1%
Magic:  5/5        EV:  9    Int: 14    God:
Gold:   18         SH:  0    Dex: 17    Spells: 5/5 levels left

rFire    . . .     SeeInvis .   c - +0 hand crossbow
rCold    . . .     Gourm    .   (no shield)
rNeg     . . .     Faith    .   a - +2 scale mail
rPois    .         Spirit   .   (no helmet)
rElec    .         Reflect  .   (no cloak)
rCorr    .         Harm     .   (no gloves)
MR       .....                  (no boots)
Stlth    +.........             (no amulet)
HPRegen  0.10/turn              (no ring)
MPRegen  0.09/turn              (no ring)

@: no status effects
A: distributed training, fangs 1, strong nose
a: no special abilities


You were on level 2 of the Dungeon.
You were not hungry.

You visited 1 branch of the dungeon, and saw 2 of its levels.

You collected 18 gold pieces.

Inventory:

Hand Weapons
 c - a +0 hand crossbow (weapon)
 h - a +0 spear
 i - a +0 mace
 l - a +0 whip
Missiles
 d - 14 bolts (quivered)
 j - 7 needles of confusion
Armour
 a - a +2 scale mail (worn)
Scrolls
 e - 4 scrolls of remove curse
 g - a scroll of teleportation {unknown}
Potions
 b - a potion of curing
Comestibles
 f - a ration


   Skills:
 + Level 1.0 Fighting
 + Level 1.0 Short Blades
 + Level 1.0 Long Blades
 + Level 1.0 Axes
 + Level 4.6 Maces & Flails
 + Level 1.0 Polearms
 + Level 1.0 Staves
 + Level 1.0 Slings
 + Level 1.0 Bows
 + Level 6.5 Crossbows
 + Level 1.0 Throwing
 + Level 6.5 Armour
 + Level 1.0 Dodging
 + Level 2.4 Stealth
 + Level 2.6 Shields
 + Level 1.0 Unarmed Combat
 + Level 1.0 Spellcasting
 + Level 0.7 Conjurations
 + Level 0.7 Hexes
 + Level 0.7 Charms
 + Level 0.7 Summonings
 + Level 0.7 Necromancy
 + Level 0.7 Translocations
 + Level 0.7 Transmutations
 + Level 0.7 Fire Magic
 + Level 0.7 Ice Magic
 + Level 0.7 Air Magic
 + Level 0.7 Earth Magic
 + Level 0.7 Poison Magic
 + Level 1.0 Invocations
 + Level 1.0 Evocations


You had 5 spell levels left.
You didn't know any spells.
Your spell library was empty.

Dungeon Overview and Level Annotations

Branches:
Dungeon (1/15)

Altars:


Innate Abilities, Weirdness & Mutations

Your experience applies equally to all skills.
You have very sharp teeth.
Your uncanny sense of smell can sniff out nearby items.


Message History

The gnoll is severely wounded.
The gnoll hits you from afar with a spear.
* * * LOW HITPOINT WARNING * * *
The gnoll hits you from afar with a spear.
* * * LOW HITPOINT WARNING * * *
Firing (i - inventory)
d - 16 bolts (quivered)
Press: ? - help, Shift-Dir - straight line, f/p - gnoll
Aim: a gnoll, wielding a spear (severely wounded)
You shoot a bolt.
The bolt hits the gnoll but does no damage.
The gnoll is severely wounded.
The gnoll hits you but does no damage. x2
Firing (i - inventory)
d - 15 bolts (quivered)
Press: ? - help, Shift-Dir - straight line, f/p - gnoll
Aim: a gnoll, wielding a spear (severely wounded)
You shoot a bolt. The bolt closely misses the gnoll.
The bolt barely misses the gnoll.
The gnoll hits you with a flail.
* * * LOW HITPOINT WARNING * * *
The gnoll hits you but does no damage. The gnoll hits you with a club.
You die...

#..# #..#####
#......#
####.#.# #.#.#
#.#.# #.#.#
#g#.########.#
#@gg.(.......#
#######.####.#
#.# #g# #.#
#.# #.# ∆ #.#


You could see 3 gnolls.

Vanquished Creatures
  3 adders (D:2)
  An ooze (D:1)
  2 dart slugs (D:1)
  A leopard gecko (D:1)
  2 ball pythons (D:1)
  2 bats (D:1)
  A giant cockroach (D:2)
  2 goblins (D:1)
  5 hobgoblins
  2 kobolds
21 creatures vanquished.

Notes
Turn   | Place    | Note
-------+----------+-------------------------------------------
     0 | D:1      | Tr0llz0r the Gnoll Wanderer began the quest for the Orb.
     0 | D:1      | Tr0llz0r set off with: a +2 scale mail, a potion of curing,
                  | a +0 hand crossbow, 23 bolts, a ration
     0 | D:1      | Reached XP level 1. HP: 13/13 MP: 1/1
   105 | D:1      | Reached XP level 2. HP: 19/19 MP: 2/2
   347 | D:1      | Reached XP level 3. HP: 23/25 MP: 3/3
   426 | D:1      | You fall through a shaft!
   484 | D:2      | Reached skill level 1 in Invocations
   495 | D:2      | Reached skill level 1 in Fighting
   495 | D:2      | Reached skill level 1 in Short Blades
   495 | D:2      | Reached skill level 1 in Long Blades
   495 | D:2      | Reached skill level 1 in Axes
   495 | D:2      | Reached skill level 1 in Polearms
   495 | D:2      | Reached skill level 1 in Staves
   495 | D:2      | Reached skill level 1 in Slings
   495 | D:2      | Reached skill level 1 in Bows
   495 | D:2      | Reached skill level 1 in Throwing
   495 | D:2      | Reached skill level 1 in Dodging
   495 | D:2      | Reached skill level 1 in Unarmed Combat
   495 | D:2      | Reached skill level 1 in Spellcasting
   495 | D:2      | Reached skill level 1 in Evocations
   495 | D:2      | Reached XP level 4. HP: 15/32 MP: 5/5
   569 | D:2      | HP: 1/32 [gnoll/flail (2)]
   569 | D:2      | Slain by a gnoll

Skill      XL: |  1  2  3 |
---------------+----------+-----
Invocations    | 1 |  1.0
Fighting       | 1 |  1.0
Short Blades   | 1 |  1.0
Long Blades    | 1 |  1.0
Axes           | 1 |  1.0
Polearms       | 1 |  1.0
Staves         | 1 |  1.0
Slings         | 1 |  1.0
Bows           | 1 |  1.0
Throwing       | 1 |  1.0
Dodging        | 1 |  1.0
Unarmed Combat | 1 |  1.0
Spellcasting   | 1 |  1.0
Evocations     | 1 |  1.0
Maces & Flails | |  4.6
Crossbows      | |  6.5
Armour         | |  6.5
Stealth        | |  2.4
Shields        | |  2.6
Conjurations   | |  0.7
Hexes          | |  0.7
Charms         | |  0.7
Summonings     | |  0.7
Necromancy     | |  0.7
Translocations | |  0.7
Transmutations | |  0.7
Fire Magic     | |  0.7
Ice Magic      | |  0.7
Air Magic      | |  0.7
Earth Magic    | |  0.7
Poison Magic   | |  0.7

Action                   |  1- 3 |  4- 6 || total
-------------------------+-------+-------++-------
 Fire: Hand crossbow     |    59 |     7 ||    66
  Use: Scroll            |     3 |       ||     3
       Potion            |     3 |       ||     3
Armor: Scale mail        |    27 |     8 ||    35
Dodge: Dodged            |    36 |     5 ||    41
